 Dungeon Crawl Stone Soup version 0.28.0-53-g5a82cb258f (webtiles) character file.

Game seed: 15915990452884221474

193004 Infinimo the Metallomancer (level 18, -13/124 HPs)
             Began as a Gargoyle Earth Elementalist on June 11, 2022.
             Was a High Priest of Vehumet.
             Mangled by a tentacle (14 damage)
             ... attached to a kraken
             ... on level 3 of the Shoals on June 12, 2022.
             The game lasted 01:00:36 (49518 turns).

Infinimo the Metallomancer (GrEE)                  Turns: 49518, Time: 01:00:36

Health: -13/124    AC: 24    Str: 19    XL:     18   Next: 70%
Magic:  28/36      EV: 11    Int: 29    God:    Vehumet [*****.]
Gold:   1370       SH: 15    Dex: 15    Spells: 27/46 levels left

rFire   + + +      SeeInvis .   u - staff of earth
rCold   + + +      Faith    .   G - +2 shield of Resistance {rF++ rC++ Will++}
rNeg    + . .      Spirit   .   H - +0 troll leather armour
rPois   ∞          Reflect  .   w - +2 helmet "Ofydikis" {rC+ Will- Dex+5}
rElec   +          Harm     .   B - +2 cloak {rCorr}
rCorr   +          Rampage  .   (no gloves)
Will    ++...                   b - +0 pair of boots
Stlth   ++........              T - amulet of regeneration
HPRegen 1.90/turn               W - ring of Liberty {Drain rF+++ rCorr Str+6 Slay-2}
MPRegen 0.25/turn               h - +6 ring of intelligence

@: flying
A: sickness immunity, AC +13, big wings, negative energy resistance 1,
electricity resistance, torment resistance 1, petrification resistance
a: Renounce Religion


You were on level 3 of the Shoals.
You worshipped Vehumet.
Vehumet was extremely pleased with you.
You visited 5 branches of the dungeon, and saw 27 of its levels.
You also visited: Sewer.

You collected 2468 gold pieces.
You spent 1098 gold pieces at shops.

Inventory:

Missiles
 k - 528 stones
 l - 2 throwing nets
Armour
 b - a +0 pair of boots (worn)
 w - the +2 helmet "Ofydikis" (worn) {rC+ Will- Dex+5}
   (You found it on level 7 of the Dungeon)

   Dex:       It affects your dexterity (+5).
   rC:        It protects you from cold.
   Will:      It decreases your willpower.
 B - a +2 cloak of preservation (worn)
 G - the +2 shield of Resistance (worn) {rF++ rC++ Will++}
   (You acquired it on level 11 of the Dungeon)

   rF:        It greatly protects you from fire.
   rC:        It greatly protects you from cold.
   Will:      It greatly increases your willpower.
 H - a +0 troll leather armour (worn)
Magical Staves
 u - a staff of earth (weapon)
Jewellery
 h - a +6 ring of intelligence (right hand)
 T - an amulet of regeneration (around neck)
 W - the ring of Liberty (left hand) {Drain rF+++ rCorr Str+6 Slay-2}
   (You acquired it on level 3 of the Shoals)

   [ring of strength]

   Str:       It affects your strength (+6).
   Slay:      It affects your accuracy & damage with ranged weapons and melee
   (-2).
   rF:        It renders you almost immune to fire.
   rCorr:     It protects you from acid and corrosion.
   Drain:     It drains your maximum health when unequipped.
Wands
 c - a wand of iceblast (13)
 f - a wand of acid (11)
 i - a wand of flame (87)
 o - a wand of polymorph (10)
 N - a wand of digging (9)
 R - a wand of mindburst (15)
Scrolls
 d - 7 scrolls of identify
 g - 8 scrolls of blinking
 n - 4 scrolls of fog
 q - 4 scrolls of fear
 s - 3 scrolls of enchant armour
 C - 3 scrolls of amnesia
 D - 9 scrolls of teleportation
 O - 7 scrolls of enchant weapon
 Q - 2 scrolls of brand weapon
 S - a scroll of torment
 V - 2 scrolls of holy word
 X - 2 scrolls of magic mapping
 Z - a scroll of silence
Potions
 a - 8 potions of curing
 e - 3 potions of magic
 m - 7 potions of attraction
 p - 5 potions of lignification
 r - 5 potions of might
 v - 6 potions of heal wounds
 z - 4 potions of degeneration
 E - 4 potions of haste
 F - 4 potions of mutation
 J - a potion of ambrosia
 K - 5 potions of flight
 M - 3 potions of brilliance
 P - 3 potions of berserk rage


   Skills:
 + Level 17.2 Fighting
 - Level 1.5 Dodging
 - Level 2.1 Stealth
 + Level 13.8 Shields
 + Level 14.7 Spellcasting
 + Level 7.1 Conjurations
 - Level 0.7 Transmutations
 + Level 21.7 Earth Magic


You had 27 spell levels left.
You knew the following spells:

 Your Spells              Type           Power      Damage    Failure   Level
a - Sandblast             Erth           100%       2d20      0%          1
b - Stone Arrow           Conj/Erth      100%       3d13      1%          3
c - Iskenderun's Mystic   Conj/Tloc      42%        2d10      3%          4
d - Fireball              Conj/Fire      21%        3d10      9%          5
e - Iron Shot             Conj/Erth      51%        9d10      1%          6

Your spell library contained the following spells:

 Spells                   Type           Power      Damage    Failure   Level
 Passwall                 Tmut/Erth      76%        N/A       1%          2
 Petrify                  Tmut/Erth      92%        N/A       1%          4
 Pain                     Necr           84%        1d8       4%          1
 Ensorcelled Hibernation  Hex/Ice        42%        N/A       8%          2
 Irradiate                Conj/Tmut      22%        3d20      8%          5
 Lightning Bolt           Conj/Air       21%        1d36      9%          5
 Airstrike                Air            10%        N/A       13%         4
 Gell's Gravitas          Tloc           21%        N/A       16%         3
 Lesser Beckoning         Tloc           21%        N/A       16%         3
 Summon Guardian Golem    Hex/Summ       21%        N/A       16%         3
 Teleport Other           Tloc           21%        N/A       16%         3
 Tukima's Dance           Hex            21%        N/A       16%         3
 Yara's Violent Unravell  Hex/Tmut       11%        3d6       30%         5
 Passage of Golubria      Tloc           21%        N/A       45%         4
 Summon Lightning Spire   Summ/Air       21%        N/A       45%         4
 Orb of Destruction       Conj           29%        9d9       50%         7
 Agony                    Necr           21%        N/A       80%         5
 Excruciating Wounds      Necr           10%        N/A       80%         5
 Summon Forest            Summ/Tloc      10%        N/A       80%         5
 Summon Mana Viper        Hex/Summ       21%        N/A       80%         5
 Eringya's Noxious Bog    Tmut/Pois      11%        N/A       82%         6
 Spellforged Servitor     Conj/Summ      21%        N/A       90%         7
 Summon Hydra             Summ           10%        N/A       100%        7
 Sublimation of Blood     Necr           Unusable   N/A       N/A         2

Dungeon Overview and Level Annotations

Branches:
Dungeon (15/15)            Temple (1/1) D:4            Lair (6/6) D:10
 Shoals (3/4) Lair:2       Spider (0/4) Lair:4        Slime (0/5) Lair:5
    Orc (2/2) D:12            Elf (0/3) Orc:2        Vaults (0/5) D:13
 Depths (0/4) D:15          Sewer (visited)

Altars:
Ashenzari
Cheibriados
Dithmenos
Elyvilon
Fedhas
Gozag
Hepliaklqana
Kikubaaqudgha
Makhleb
Nemelex Xobeh
Okawaru
Qazlal
Ru
Sif Muna
Trog
Uskayaw
Vehumet
Wu Jian
Xom
Yredelemnul
Zin
The Shining One
Beogh

Shops:
D:5 :?*[   D:7 (   D:8 (   D:9 :   Orc:2 (*(!

Portals:
Hell: Lair:6

Annotations:
Shoals:1 1 runed translucent door, Cedruin's ghost, adept DrAr


Innate Abilities, Weirdness & Mutations

You are immune to sickness and miasma.
Your stone body is resilient. (AC +13)
You are immune to poison.
Your large and strong wings let you fly.
You resist negative energy. (rN+)
You are resistant to electric shocks. (rElec)
You are resistant to unholy torment.
You are immune to petrification.


Message History

A tentacle comes into view.
You block the tentacle's attack. The tentacle slaps you!
A tentacle rises from the water!
The tentacle slaps you! You block the tentacle's attack.
The tentacle slaps you!
A tentacle comes into view.
A tentacle segment bursts forth from the water. x3
The tentacle closely misses you.
A tentacle segment bursts forth from the water. x5
The tentacle slaps you!
The tentacle slaps you but does no damage.
You block the tentacle's attack. The tentacle slaps you.
The tentacle slaps you! The tentacle barely misses you.
You block the tentacle's attack.
The tentacle slaps you but does no damage.
A tentacle segment bursts forth from the water. x6
The tentacle slaps you!
* * * LOW HITPOINT WARNING * * *
The tentacle slaps you but does no damage.
The tentacle barely misses you. You block the tentacle's attack.
The tentacle barely misses you. You block the tentacle's attack.
A tentacle segment bursts forth from the water. x2
The tentacle slaps you but does no damage. x2
A tentacle segment bursts forth from the water.
A tentacle rises from the water!
The tentacle slaps you!
* * * LOW HITPOINT WARNING * * *
The tentacle misses you.
A tentacle comes into view.
You block the tentacle's attack. The tentacle slaps you.
* * * LOW HITPOINT WARNING * * *
The tentacle slaps you but does no damage. x2
A tentacle segment bursts forth from the water. x3
You block the tentacle's attack. The tentacle slaps you!!
* * * LOW HITPOINT WARNING * * *
You block the tentacle's attack. The tentacle slaps you.
* * * LOW HITPOINT WARNING * * *
You block the tentacle's attack. The tentacle slaps you!
* * * LOW HITPOINT WARNING * * *
You block the tentacle's attack. The tentacle slaps you!
You die...

≈≈≈≈≈≈≈≈≈≈≈≈≈≈≈≈≈≈≈≈≈≈≈≈
≈≈≈≈≈≈≈≈≈≈≈≈≈≈≈≈.≈≈≈≈≈≈≈
≈≈≈≈≈≈≈≈≈≈≈≈≈≈≈≈...≈##....
≈≈≈≈≈≈≈≈≈≈≈≈≈≈≈≈....##.≈≈..
≈≈≈≈≈≈≈≈≈≈≈≈≈≈≈≈.....≈≈≈≈≈# .
≈≈≈≈≈≈≈≈≈≈≈≈X≈≈≈≈≈≈≈..≈≈≈.######.
≈≈≈≈≈≈≈≈≈≈≈≈≈≈≈≈≈≈....≈≈≈≈..##...
≈≈≈≈≈≈≈≈≈≈≈≈≈≈≈ww≈..≈≈≈≈≈≈......#
≈≈≈≈≈≈≈≈≈≈≈≈≈≈≈.@≈....≈....≈≈).#
≈≈≈≈≈≈≈≈≈≈≈≈≈..w...##....#.≈≈≈.#
≈≈≈≈≈≈≈≈≈≈≈≈≈.....##...# #...≈.#
≈≈≈≈≈≈≈≈≈≈≈≈≈≈.........# ##...÷##
≈≈≈≈≈≈≈≈≈≈≈≈≈≈..#......# ##.#....
≈≈≈≈≈≈≈≈≈≈≈≈≈≈.........###..###H.
≈≈≈≈≈≈≈≈≈≈≈≈≈≈≈≈≈≈...........###.
≈≈≈≈≈≈≈≈≈≈≈≈≈≈≈≈.≈≈≈≈≈≈...≈..# ##
≈≈≈≈≈≈≈≈≈≈≈≈≈≈≈≈..≈≈≈≈≈...≈[## #


You could see a kraken and 3 tentacles.

Vanquished Creatures
  Gastronok (Lair:1)
  Polyphemus (Shoals:1)
  An orc warlord (Orc:2)
  A minotaur (Lair:5)
  A merfolk javelineer (Shoals:1)
  A fire dragon (D:14)
  The ghost of kalagan the Thaumaturge, a journeyman DECj of Sif Muna (Lair:5)
  2 merfolk impalers
  A great orb of eyes (D:15)
  A hell beast (Lair:6)
  2 boulder beetles
  13 hydras
  Fannar (D:10)
  7 centaur warriors
  6 catoblepae
  16 death yaks
  7 merfolk aquamancers
  10 two-headed ogres
  2 dancing weapons (D:13)
  A death knight (D:15)
  An alligator snapping turtle (Shoals:3)
  4 orc high priests
  A tengu warrior (D:14)
  Nergalle (Lair:3)
  Urug (Lair:2)
  Sonja (D:10)
  3 skeletal warriors
  12 sea snakes
  A phantasmal warrior (D:15)
  Pikel (D:8)
  5 deep elf pyromancers
  2 lindwurms
  A wizard (Lair:6)
  A harpy (shapeshifter) (D:15)
  6 orc knights
  16 harpies
  5 orc sorcerers
  A shining eye (shapeshifter) (D:15)
  9 manticores
  16 fauns
  14 ugly things
  6 cyclopes
  18 slime creatures
  9 elephants
  4 merfolk sirens
  Maurice (D:8)
  4 black mambas
  2 water nymphs (Shoals:3)
  3 orange demons (Lair:6)
  25 cane toads
  7 rime drakes
  2 unseen horrors
  8 komodo dragons
  2 ice devils (Lair:6)
  A hellwing (Lair:6)
  16 merfolk
  8 trolls
  A hornet (D:9)
  4 polar bears
  Grinder (D:4)
  A polar bear (shapeshifter) (D:15)
  5 wind drakes
  21 dream sheep
  15 blink frogs
  7 snapping turtles
  Sigmund (D:3)
  46 yaks
  A spriggan (shapeshifter) (D:15)
  6 wraiths
  7 water elementals
  3 wyverns
  4 fire bats (D:12)
  6 basilisks
  Grum (D:9)
  A steam dragon (D:10)
  2 redbacks (Lair:4)
  4 vampire mosquitoes
  7 wargs
  2 acid dragons
  5 hell hounds
  13 water moccasins
  2 ice beasts (D:7)
  2 black bears
  A necrophage (D:5)
  12 ogres
  38 orc warriors
  20 wolves
  18 centaurs
  2 phantoms
  2 lemures (D:8)
  12 bullfrogs
  3 kobold brigands (Sewer)
  3 scorpions
  A gnoll sergeant (D:9)
  A water moccasin zombie (D:7)
  11 killer bees
  3 electric eels
  4 howler monkeys
  2 lava snakes (D:12)
  11 jellies (Lair:5)
  5 centaur zombies
  9 hounds
  26 orc priests
  Crazy Yiuf (D:2)
  An iguana (D:7)
  Ijyb (D:4)
  Natasha (thrice) (D:3)
  24 orc wizards
  Robin (D:3)
  10 gnolls (D:9)
  A howler monkey skeleton (D:5)
  16 adders
  A shadow imp (D:8)
  A white imp (D:7)
  2 worms
  2 dart slugs
  85 orcs
  7 ball pythons
  3 endoplasms
  2 giant cockroaches
  11 goblins
  8 hobgoblins
  3 quokkas (D:3)
  3 bats
  3 frilled lizards
  8 kobolds
  7 rats
  3 fire vortices (D:12)
  8 tentacles (Shoals:3)
861 creatures vanquished.

Vanquished Creatures (others)
  A howler monkey (D:10)
  A bush (Lair:6)
  68 fungi
  191 plants
  32 tentacles (Shoals:3)
293 creatures vanquished.

Grand Total: 1154 creatures vanquished

Notes
Turn   | Place    | Note
-------+----------+-------------------------------------------
     0 | D:1      | Infinimo the Gargoyle Earth Elementalist began the quest
                  | for the Orb.
     0 | D:1      | Reached XP level 1. HP: 10/10 MP: 3/3
   541 | D:1      | Reached XP level 2. HP: 16/16 MP: 3/5
   589 | D:1      | Reached skill level 4 in Earth Magic
  1131 | D:2      | Found a glowing silver altar of Zin.
  1146 | D:2      | Found a faded altar of an unknown god.
  1151 | D:2      | Reached skill level 1 in Fighting
  1175 | D:2      | Reached XP level 3. HP: 18/20 MP: 3/6
  1289 | D:2      | Found a runed translucent door.
  1290 | D:2      | Noticed Crazy Yiuf
  1846 | D:2      | Killed Crazy Yiuf
  1847 | D:2      | Reached skill level 5 in Earth Magic
  1847 | D:2      | Reached XP level 4. HP: 6/26 MP: 2/7
  2113 | D:3      | Noticed Robin
  2368 | D:3      | Identified a scroll of acquirement
  2368 | D:3      | Acquired 685 gold pieces
  2443 | D:3      | Killed Robin
  2575 | D:3      | Found a glowing drain.
  2579 | Sewer    | Entered a sewer
  2627 | Sewer    | Reached XP level 5. HP: 17/30 MP: 9/9
  3235 | Sewer    | Noticed a kobold brigand
  3272 | Sewer    | Killed a kobold brigand
  3273 | Sewer    | Reached skill level 6 in Earth Magic
  3563 | Sewer    | Noticed a kobold brigand
  3586 | Sewer    | Killed a kobold brigand
  3587 | Sewer    | Reached XP level 6. HP: 24/37 MP: 10/10
  4246 | D:3      | Noticed Natasha
  4252 | D:3      | Killed Natasha
  4565 | D:3      | Noticed Natasha
  4574 | D:3      | Killed Natasha
  4575 | D:3      | Reached skill level 7 in Earth Magic
  4575 | D:3      | Reached XP level 7. HP: 41/41 MP: 9/12
  4689 | D:3      | Noticed Sigmund
  4694 | D:3      | Killed Sigmund
  4814 | D:3      | Found a sparkling altar of Nemelex Xobeh.
  4856 | D:3      | Noticed Natasha
  4858 | D:3      | Killed Natasha
  5114 | D:3      | Learned a level 3 spell: Stone Arrow
  5167 | D:4      | Found an iron altar of Okawaru.
  5180 | D:4      | Found a staircase to the Ecumenical Temple.
  5354 | D:4      | Noticed Ijyb
  5366 | D:4      | Killed Ijyb
  5628 | D:4      | Reached skill level 8 in Earth Magic
  5707 | D:4      | Noticed Grinder
  5714 | D:4      | Killed Grinder
  5715 | D:4      | Reached XP level 8. HP: 47/48 MP: 8/14
  6130 | D:5      | Entered Level 5 of the Dungeon
  6130 | D:5      | Found Xizuk's Armour Shop.
  6211 | D:5      | Reached skill level 5 in Fighting
  6260 | D:5      | Noticed a wyvern
  6262 | D:5      | Reached skill level 9 in Earth Magic
  6264 | D:5      | Killed a wyvern
  6267 | D:5      | Reached skill level 5 in Spellcasting
  6442 | D:5      | Reached skill level 10 in Earth Magic
  6503 | D:5      | Reached XP level 9. HP: 53/55 MP: 11/17
  6675 | D:5      | Found Seshracki's Assorted Antiques.
  6692 | D:5      | Bought a knobbly runed staff for 324 gold pieces
  6745 | D:5      | Noticed a two-headed ogre
  6753 | D:5      | Killed a two-headed ogre
  6754 | D:5      | Reached skill level 11 in Earth Magic
  6995 | D:5      | Found Cifeunipp's Book Shop.
  7199 | D:5      | Found Qaicib's Magic Scroll Shop.
  7205 | D:5      | Bought a scroll of fear for 49 gold pieces
  7205 | D:5      | Bought a scroll of blinking for 105 gold pieces
  7205 | D:5      | Bought a scroll of blinking for 105 gold pieces
  7431 | D:6      | Noticed a two-headed ogre
  7434 | D:6      | Killed a two-headed ogre
  7438 | D:6      | Reached skill level 12 in Earth Magic
  7911 | D:6      | Reached XP level 10. HP: 44/63 MP: 16/19
  8021 | D:6      | Found a shadowy altar of Dithmenos.
  8022 | D:6      | Found a hazy altar of Hepliaklqana.
  8790 | D:7      | Identified the +2 helmet "Ofydikis" {rC+ Will- Dex+5}
  8904 | D:7      | Found a hide-covered altar of Uskayaw.
  8933 | D:7      | Found Loso's Antique Weapon Shoppe.
  9076 | D:7      | Found a bloodstained altar of Trog.
  9274 | D:8      | Noticed a two-headed ogre
  9279 | D:8      | Killed a two-headed ogre
  9280 | D:8      | Reached skill level 13 in Earth Magic
  9774 | D:8      | Found Neighirch's Weapon Shoppe.
  9872 | D:8      | Noticed Pikel
 10025 | D:8      | Killed Pikel
 10163 | D:8      | Noticed a two-headed ogre
 10171 | D:8      | Killed a two-headed ogre
 10173 | D:8      | Noticed a seven-headed hydra
 10177 | D:8      | Noticed a two-headed ogre
 10384 | D:8      | Noticed Maurice
 10471 | Temple   | Entered the Ecumenical Temple
 10512 | Temple   | Became a worshipper of Vehumet
 10605 | D:8      | Noticed a two-headed ogre
 10613 | D:8      | Killed a two-headed ogre
 10614 | D:8      | Reached skill level 14 in Earth Magic
 10666 | D:8      | Noticed a catoblepas
 10768 | D:8      | Killed a seven-headed hydra
 10769 | D:8      | Reached XP level 11. HP: 71/71 MP: 9/22
 10870 | D:8      | Killed Maurice
 11021 | D:8      | Noticed a two-headed ogre
 11025 | D:8      | Killed a two-headed ogre
 11039 | D:8      | Noticed a centaur warrior
 11043 | D:8      | Killed a centaur warrior
 11134 | D:8      | Killed a catoblepas
 11135 | D:8      | Reached skill level 15 in Earth Magic
 11299 | D:8      | Identified the +8 hand crossbow "Yckau" {freeze, rN+ Str+6
                  | Int-4}
 11299 | D:8      | Identified the +3 scale mail of Moirid {rC+ Str+3 Stlth+}
 11418 | D:8      | Killed a two-headed ogre
 11583 | D:8      | Noticed a cyclops
 11586 | D:8      | Killed a cyclops
 11967 | D:9      | Found a stormy altar of Qazlal.
 12262 | D:9      | Found a white marble altar of Elyvilon.
 12262 | D:9      | Found a blossoming altar of Fedhas.
 12298 | D:9      | Noticed a deep elf pyromancer
 12317 | D:9      | Killed a deep elf pyromancer
 12318 | D:9      | Reached skill level 10 in Fighting
 12805 | D:9      | Found Plog's Book Shop.
 12809 | D:9      | Identified the +0 leather armour of the Devil's Advocate
                  | {rF- rCorr Dex+4}
 13041 | D:9      | Reached * piety under Vehumet
 13041 | D:9      | Offered knowledge of Freeze by Vehumet.
 13205 | D:9      | Noticed Grum
 13208 | D:9      | Killed Grum
 13281 | D:9      | Noticed a yaktaur captain
 13281 | D:9      | Noticed a manticore
 13283 | D:9      | Noticed a boulder beetle
 13438 | D:10     | Entered Level 10 of the Dungeon
 13612 | D:9      | Reached skill level 16 in Earth Magic
 13695 | D:10     | Noticed Fannar
 13704 | D:10     | Killed Fannar
 13705 | D:10     | Reached XP level 12. HP: 61/78 MP: 3/25
 14375 | D:10     | Found a staircase to the Lair.
 14433 | D:10     | You fall into a shaft and drop 2 floors!
 14657 | D:11     | Acquired the +2 shield of Resistance {rF++ rC++ Will++}
 14657 | D:11     | Found the +2 shield of Resistance {rF++ rC++ Will++}
 14944 | D:10     | Reached skill level 1 in Shields
 15698 | Lair:1   | Entered Level 1 of the Lair of Beasts
 15703 | Lair:1   | Noticed Sonja
 15932 | D:10     | Killed Sonja
 16013 | Lair:1   | Reached skill level 17 in Earth Magic
 16344 | Lair:1   | Reached ** piety under Vehumet
 16344 | Lair:1   | Offered knowledge of Poisonous Vapours by Vehumet.
 16527 | Lair:1   | Noticed an eight-headed hydra
 16627 | D:10     | Reached skill level 10 in Spellcasting
 16799 | Lair:1   | Killed an eight-headed hydra
 17027 | Lair:1   | Reached XP level 13. HP: 85/85 MP: 10/27
 17454 | Lair:1   | Reached skill level 5 in Shields
 17735 | Lair:1   | Noticed Gastronok
 17927 | Lair:1   | Killed Gastronok
 18223 | Lair:2   | Noticed Urug
 18255 | Lair:2   | Killed Urug
 18726 | Lair:2   | Identified the +0 leather armour of a ziggurat {-Cast rN+
                  | Dex+2}
 19443 | Lair:2   | Offered knowledge of Conjure Flame by Vehumet.
 19604 | Lair:2   | Reached skill level 18 in Earth Magic
 20371 | Lair:2   | Found a staircase to the Shoals.
 20997 | Lair:3   | Reached *** piety under Vehumet
 21025 | Lair:3   | Gained mutation: Your large and strong wings let you fly.
                  | [Gargoyle growth]
 21025 | Lair:3   | Reached XP level 14. HP: 94/94 MP: 2/29
 21209 | Lair:3   | Noticed Nergalle
 21345 | Lair:3   | Killed Nergalle
 21561 | Lair:3   | Offered knowledge of Inner Flame by Vehumet.
 22212 | Lair:4   | You are sucked into a shaft and drop 2 floors!
 22212 | Lair:6   | Entered Level 6 of the Lair of Beasts
 22313 | Lair:5   | Found a staircase to the Slime Pits.
 22913 | Lair:4   | Reached **** piety under Vehumet
 23182 | Lair:4   | Offered knowledge of Iskenderun's Mystic Blast by Vehumet.
 23327 | Lair:4   | Learned a level 4 spell: Iskenderun's Mystic Blast
 24052 | Lair:4   | Found a hole to the Spider Nest.
 24386 | Lair:4   | Identified the +1 leather armour of the Shrike {rElec rPois
                  | SInv Stlth-}
 25175 | Lair:5   | Found a runed translucent gate.
 25175 | Lair:5   | Found a runed translucent gate.
 25176 | Lair:5   | Found a runed translucent gate.
 25188 | Lair:5   | Noticed kalagan's ghost (journeyman DECj)
 25736 | Lair:5   | Killed kalagan's ghost
 25862 | Lair:6   | Reached skill level 19 in Earth Magic
 26034 | Lair:6   | Reached ***** piety under Vehumet
 26058 | Lair:6   | Offered knowledge of Ozocubu's Refrigeration by Vehumet.
 27173 | Lair:6   | Reached XP level 15. HP: 100/100 MP: 23/31
 27380 | Lair:6   | Found a burning altar of Makhleb.
 27656 | Lair:6   | Reached skill level 10 in Shields
 28861 | Lair:6   | Found a gateway to Hell.
 29174 | D:11     | Found an opulent altar of Gozag.
 30243 | D:12     | Found a staircase to the Orcish Mines.
 30504 | D:12     | Got the Compendium of Clay and Curses
 31134 | D:13     | Reached skill level 15 in Fighting
 31468 | D:13     | Found a gate to the Vaults.
 31863 | D:13     | Reached skill level 20 in Earth Magic
 32029 | D:13     | Offered knowledge of Flame Wave by Vehumet.
 32839 | Orc:1    | Entered Level 1 of the Orcish Mines
 33571 | Orc:2    | Entered Level 2 of the Orcish Mines
 34621 | Orc:2    | Found Tellemon's Antique Weapon Shoppe.
 34790 | Orc:2    | Reached XP level 16. HP: 91/108 MP: 15/33
 34871 | Orc:2    | Found Jefowesu's Assorted Antiques.
 34935 | Orc:2    | Offered knowledge of Conjure Ball Lightning by Vehumet.
 35870 | Orc:2    | Found a staircase to the Elven Halls.
 36294 | Orc:2    | Found Nanasopn's Distillery.
 36305 | Orc:2    | Bought a potion of heal wounds for 75 gold pieces
 36305 | Orc:2    | Bought a potion of heal wounds for 75 gold pieces
 36305 | Orc:2    | Bought a potion of berserk rage for 75 gold pieces
 36766 | Orc:2    | Found Lauh's Weapon Boutique.
 37595 | Orc:2    | Bought a scroll labelled YNARHI XIBRAC for 35 gold pieces
 37843 | Orc:2    | Bought a potion of curing for 45 gold pieces
 37843 | Orc:2    | Bought a potion of curing for 45 gold pieces
 37843 | Orc:2    | Bought a potion of magic for 120 gold pieces
 37843 | Orc:2    | Bought a potion of curing for 45 gold pieces
 38683 | D:14     | Reached skill level 1 in Conjurations
 38702 | D:14     | Found a frozen archway.
 38976 | D:15     | Entered Level 15 of the Dungeon
 39310 | D:15     | Offered knowledge of Lee's Rapid Deconstruction by Vehumet.
 41582 | D:15     | Found a staircase to the Depths.
 42329 | Shoals:1 | Entered Level 1 of the Shoals
 42458 | Shoals:1 | Offered knowledge of Fireball by Vehumet.
 42496 | Shoals:1 | Learned a level 5 spell: Fireball
 42854 | Shoals:1 | Found a runed translucent door.
 42854 | Shoals:1 | Found a shimmering altar of Xom.
 42854 | Shoals:1 | Noticed Cedruin's ghost (adept DrAr)
 43310 | Shoals:1 | Reached skill level 21 in Earth Magic
 43674 | Shoals:1 | Reached XP level 17. HP: 116/116 MP: 30/35
 44514 | Shoals:2 | Noticed Polyphemus
 44655 | Shoals:1 | Killed Polyphemus
 44720 | Shoals:1 | Reached skill level 5 in Conjurations
 47132 | Shoals:3 | Noticed a kraken
 47353 | Shoals:3 | Offered knowledge of Iron Shot by Vehumet.
 47361 | Shoals:3 | Learned a level 6 spell: Iron Shot
 47477 | Shoals:3 | Acquired the ring of Liberty {Drain rF+++ rCorr Str+6
                  | Slay-2}
 47495 | Shoals:3 | Reached XP level 18. HP: 123/123 MP: 36/36
 49518 | Shoals:3 | HP: 1/124 [tentacle[a kraken] (10)]
 49518 | Shoals:3 | Mangled by a tentacle

Illustrated notes

Levels and vault maps discovered:
D:1:      minmay_arrival_loop, layout_loops_corners
D:2:      layout_loops_ring, basic_altar, ebering_ecumenical_altar_petrified,
          minmay_pentomino_t2, uniq_crazy_yiuf_cottage
D:3:      layout_loops_ring, mainiacjoe_overflow_six_doors_small,
          gup_sewer_entry_bowl, serial_park_tiny_1, kennysheep_doodads,
          chequers_avenue, small_statue_intersection, uniq_sigmund,
          uniq_natasha, uniq_robin
D:4:      layout_rooms, mainiacjoe_overflow_boulevard,
          minmay_temple_entry_slanted, uniq_ijyb, uniq_grinder
D:5:      nicolae_cairo_tiling_large, layout_rooms, serial_shops,
          nicolae_stop_n_shop_1, nicolae_stop_n_shop_2, kennysheep_little_box,
          nicolae_shop_waterfront
D:6:      layout_gridville, riverfiend_overflow_shadow_ancestor, st_stairs_4
D:7:      layout_basic, kennysheep_mini_moat, general_overflow_altar,
          serial_shops, nicolae_shop_crystal
D:8:      minmay_the_grid_triangle_9x9_recursive_2
          [minmay_the_grid_triangle_9x9_prize_center,
          minmay_the_grid_triangle_9x9_thin_v,
          minmay_the_grid_triangle_9x9_dagger,
          minmay_the_grid_triangle_9x9_descending_squares], layout_layer_cave,
          serial_shops, shop, uniq_maurice, uniq_pikel
D:9:      layout_big_octagon, nicolae_qazlal_eye_of_the_storm, minitemple,
          serial_gnoll_camp, gnoll_camp_mini_shop, gnoll_camp_mini_sergeant,
          grums_kennel, gnoll_camp_mini_loothouse, gnoll_camp_mini_hut,
          onia_ninara_dug_in_and_dangerous
D:10:     minmay_evil_eye, layout_rooms, grunt_lair_entry_orc_guard_hut,
          uniq_fannar
D:11:     layout_cave_pools, serial_column_ruins,
          column_ruins_corridor_straight, column_ruins_columns_straight,
          column_ruins_corridor_straight, column_ruins_open_medium,
          column_ruins_grid_1, column_ruins_columns_corner,
          nicolae_gozag_cash_rules_everything_around_me
D:12:     layout_roguey, orc_0_dummy, serial_bayou_pond_d, hangedman_incinerator
D:13:     layout_small_grid, erik_vaults_1, gauntlet_entry_generic,
          nicolae_water_bricks
D:14:     layout_gridville, portal_ice_cave_entry_pillars_three
D:15:     gammafunk_enter_depths_forms, layout_layer_cave
Temple:   nicolae_temple_god_jail
Lair:1:   layout_chaotic_city, beast_lair_carwin_8, grunt_megastairs_1,
          uniq_sonja, uniq_gastronok
Lair:2:   layout_roguey, minmay_shoals_entry_hut, grunt_forest_stairs_basic,
          grunt_megastairs_4, uniq_urug
Lair:3:   layout_cave_pods, grunt_megastairs_5, uniq_nergalle
Lair:4:   minmay_lair_venomous_thicket, layout_misc_corridors,
          spider_nest_entry_webs, serial_bayou_shore_b, lemuel_fruit_tree
Lair:5:   layout_regular_city, minmay_slime_entry_jelly_boxes,
          maelrawn_ghost_gauntlet_escape, eino_small_chamber_without_monster,
          st_stairs_12
Lair:6:   evil_forest, layout_cave_pods
Shoals:1: layout_shoals, ebering_ghost_xom
Shoals:2: layout_shoals, nicolae_shoals_aquamancer_cove, uniq_polyphemus
Shoals:3: layout_shoals
Orc:1:    layout_caves, basic_altar
Orc:2:    pubby_orc_utopia

Skill      XL: |  1  2  3  4  5  6  7  8  9 10 11 12 13 14 15 16 17 18 |
---------------+-------------------------------------------------------+-----
Earth Magic    | 4 5 6 7 8 10 12 14 16 17 18 19 20 21 | 21.7
Fighting       | 1 2 3 4 5 7 9 10 11 13 14 15 16 17 | 17.2
Spellcasting   | 3 4 5 6 7 9 10 11 12 13 14 | 14.7
Shields        | 4 7 9 11 12 13 | 13.8
Conjurations   | 4 6 7 |  7.1
Dodging        | |  1.5
Stealth        | |  2.1
Transmutations | |  0.7

Action                   |  1- 3 |  4- 6 |  7- 9 | 10-12 | 13-15 | 16-18 || total
-------------------------+-------+-------+-------+-------+-------+-------++-------
Melee: Dagger            |    34 |   170 |    19 |       |       |       ||   223
       Unarmed           |     1 |       |       |       |       |       ||     1
       Punch             |       |     1 |       |       |       |       ||     1
       Staff             |       |       |       |    39 |   227 |    36 ||   302
 Cast: Sandblast         |    25 |    31 |   108 |    89 |       |       ||   253
       Stone Arrow       |       |       |     2 |   270 |   928 |   907 ||  2107
  Use: Scroll            |       |     5 |     7 |     5 |     8 |     9 ||    34
       Potion            |       |     1 |       |     1 |       |     1 ||     3
 Stab: Sleeping          |     2 |     1 |       |       |       |       ||     3
       Distracted        |       |     1 |       |       |       |       ||     1
Armor: Robe              |     9 |    34 |    24 |    53 |       |       ||   120
       Troll leather arm |       |       |       |   113 |   362 |   251 ||   726
Dodge: Dodged            |    20 |    67 |    49 |   154 |   210 |   200 ||   700
Block: Kite shield       |       |       |       |   118 |   476 |   425 ||  1019
